 Dungeon Crawl Stone Soup version bcrawl-1.19.2-6-g6a88ae04c9 (webtiles) character file.

Game seed: 10012814321784107927

2440 Mrkan the Slasher (level 9, -3/78 (82) HPs)
             Began as a Deep Dwarf Fighter on Dec 27, 2019.
             Was an Elder of Elyvilon.
             Slain by a hornet (10 damage)
             ... on level 7 of the Dungeon.
             The game lasted 00:10:39 (5325 turns).

Mrkan the Slasher (Deep Dwarf Fighter)              Turns: 5325, Time: 00:10:40

HP:   -3/78 (82)    AC: 12    Str: 21    XL:     9   Next: 25%
MP:   13/13         EV:  4    Int:  9    God:    Elyvilon [****..]
Gold: 469           SH: 13    Dex: 14    Spells: 8/8 levels left

rFire    . . .     SeeInvis .   a - +0 long sword
rCold    . . .     Gourm    .   c - +0 shield
rNeg     . . .     Faith    .   D - +0 plate armour
rPois    .         Spirit   .   (no helmet)
rElec    .         Reflect  .   (no cloak)
rCorr    .         Harm     .   (no gloves)
MR       +....                  (no boots)
Stlth    ..........             (no amulet)
HPRegen  0.00/turn              (no ring)
MPRegen  0.13/turn              (no ring)

@: lethally poisoned (-3 -> -17), non-regenerating
A: damage resistance, sense surroundings 2, no regeneration
a: Lesser Healing, Heal Other, Purification, Greater Healing, Divine Protection,
Renounce Religion


You were on level 7 of the Dungeon.
You worshipped Elyvilon.
Elyvilon was greatly pleased with you.
You were not hungry.

You visited 1 branch of the dungeon, and saw 7 of its levels.

You collected 469 gold pieces.

Inventory:

Hand Weapons
 a - a +0 long sword (weapon)
Armour
 c - a +0 shield (worn)
 D - a +0 plate armour (worn)
Jewellery
 g - an uncursed amulet of regeneration {unknown}
 l - a +3 amulet of reflection {unknown}
 m - an uncursed ring of resist corrosion {unknown}
 s - an uncursed ring of protection from magic {unknown}
 y - an uncursed ring of see invisible {unknown}
Wands
 o - a wand of disintegration (14)
 C - a wand of paralysis (6)
Scrolls
 b - 3 scrolls of magic mapping {unknown}
 e - 3 scrolls of remove curse
 h - 6 scrolls of identify
 q - a scroll of silence {unknown}
 x - a scroll of enchant weapon {unknown}
Potions
 d - 5 potions of might
 i - a potion of curing {unknown}
 j - a potion of haste {unknown}
 k - a potion of brilliance {unknown}
 n - a potion of cancellation {unknown}
 p - 2 potions of experience
 r - a potion of resistance {unknown}
 t - a potion of heal wounds {unknown}
 v - 2 potions of lignification {unknown}
 z - a potion of agility {unknown}
 A - 2 potions of mutation {unknown}
Comestibles
 f - 6 rations {!d}
 u - 3 chunks of flesh


   Skills:
 + Level 6.0 Fighting
 * Level 7.5 Long Blades
 + Level 6.4 Armour
 + Level 6.4 Shields
 + Level 6.3 Invocations


You had 8 spell levels left.
You didn't know any spells.
Your spell library was empty.

Dungeon Overview and Level Annotations

Branches:
Dungeon (7/12)             Temple (0/1) D:4
   Lair: D:7-9

Altars:
Fedhas
Makhleb
Okawaru
Ru
Vehumet
Zin

Shops:
D:4 *   D:6 (   D:7 *

Annotations:
D:5 2 transporters, yrara's ghost, novice DsFi


Innate Abilities, Weirdness & Mutations

You are resistant to damage.
You passively map the area around you.
You do not regenerate.


Message History

You barely miss the hornet.
The hornet is moderately wounded.
You feel yourself speed up. You block the hornet's attack.
The hornet stings you.
* * * LOW HITPOINT WARNING * * *
You are more poisoned.
You feel yourself slow down.
You slash the hornet!
The hornet is severely wounded.
You feel yourself speed up.
You feel very sick. The hornet stings you.
You are lethally poisoned!
The hornet stings you but does no damage.
You barely miss the hornet.
The hornet is severely wounded.
* * * LOW HITPOINT WARNING * * *
You feel very sick. You block the hornet's attack. The hornet stings you!
You die...

......#......# * , ,
......'......# .$..
......#......# ♣...♣
......#∩.....#
♣♣.....♣♣
####+####..###
♣♣.......♣♣ ..##.*
#..#####♣...≈≈≈...♣*
, ......
#..........≈≈≈≈≈...
......
#..........≈≈♣≈≈...
......,
#.......@..≈≈≈≈≈...*
, ......
,#......†y...≈≈≈....
..####,
#.####...........+
..### #.#
#....#!......# .....
, ..........#....>^..
.....
,...........#........
.....
............#........
.....,
..........#........
##### *
###################*


You could see a hornet.

Vanquished Creatures
  2 hippogriffs (D:6)
  3 ice beasts
  2 sky beasts
  A black bear (D:6)
  2 ogres
  2 necrophages
  Blork the orc (D:6)
  5 killer bees
  4 crimson imps
  A hound (D:6)
  A bullfrog skeleton (D:6)
  A jelly (D:6)
  An iguana (D:5)
  2 orc wizards (D:3)
  5 worker ants
  2 worker ant zombies
  4 adders
  6 gnolls (D:4)
  A shadow imp (D:5)
  2 oozes
  An adder zombie (D:6)
  An adder skeleton (D:3)
  4 dart slugs
  A leopard gecko (D:5)
  12 orcs
  8 ball pythons
  6 giant cockroaches
  2 goblins
  12 hobgoblins
  16 jackals
  5 quokkas
  4 bats
  8 kobolds
  A leopard gecko zombie (D:6)
  A quokka skeleton (D:4)
  A quokka zombie (D:6)
  6 rats
137 creatures vanquished.

Notes
Turn   | Place    | Note
-------+----------+-------------------------------------------
     0 | D:1      | Mrkan the Deep Dwarf Fighter began the quest for the Orb.
     0 | D:1      | Reached XP level 1. HP: 21/21 MP: 1/1
   114 | D:1      | Reached XP level 2. HP: 17/28 MP: 2/2
   357 | D:1      | Reached skill level 1 in Invocations
   423 | D:1      | Reached ** piety under Elyvilon
   715 | D:2      | Reached XP level 3. HP: 19/34 MP: 3/3
  1334 | D:3      | Reached skill level 3 in Long Blades
  1385 | D:3      | Reached XP level 4. HP: 20/42 MP: 5/5
  1436 | D:3      | Reached *** piety under Elyvilon
  1454 | D:3      | Noticed a necrophage
  1471 | D:3      | Killed a necrophage
  1471 | D:3      | Reached XP level 5. HP: 17/46 MP: 6/6
  1640 | D:3      | Found a radiant altar of Vehumet.
  1721 | D:3      | Found a blossoming altar of Fedhas.
  1722 | D:3      | Found a sacrificial altar of Ru.
  1737 | D:3      | Reached skill level 4 in Long Blades
  1940 | D:4      | Noticed an ogre
  1954 | D:4      | Killed an ogre
  1954 | D:4      | Reached XP level 6. HP: 24/53 MP: 6/8
  2179 | D:4      | Found Kaagif's Assorted Antiques.
  2287 | D:4      | Found an iron altar of Okawaru.
  2426 | D:4      | Noticed a sky beast
  2452 | D:4      | Killed a sky beast
  2452 | D:4      | Reached XP level 7. HP: 23/60 MP: 4/9
  2597 | D:4      | Found a staircase to the Ecumenical Temple.
  3042 | D:5      | Entered Level 5 of the Dungeon
  3042 | D:5      | Found a transporter.
  3042 | D:5      | Noticed yrara's ghost (novice DsFi)
  3117 | D:5      | Reached **** piety under Elyvilon
  3148 | D:5      | Found a transporter.
  3170 | D:5      | Noticed a purple ugly thing
  3183 | D:5      | Pacified a purple ugly thing
  3183 | D:5      | Reached skill level 5 in Long Blades
  3183 | D:5      | Reached skill level 5 in Shields
  3243 | D:5      | Reached skill level 5 in Armour
  3285 | D:5      | Found a burning altar of Makhleb.
  3614 | D:5      | Reached XP level 8. HP: 28/69 MP: 11/11
  3736 | D:6      | Reached skill level 5 in Fighting
  3766 | D:6      | Found a glowing silver altar of Zin.
  3801 | D:6      | Noticed Blork the orc
  3818 | D:6      | Killed Blork the orc
  3818 | D:6      | Reached skill level 6 in Long Blades
  3828 | D:6      | Reached skill level 5 in Invocations
  3841 | D:6      | Noticed a hippogriff
  3865 | D:6      | Killed a hippogriff
  4038 | D:6      | Found Romypo's Antique Weapon Emporium.
  4245 | D:6      | Reached skill level 7 in Long Blades
  4317 | D:6      | Noticed a hippogriff
  4331 | D:6      | Killed a hippogriff
  4331 | D:6      | Gained mutation: You passively map the area around you.
                  | [Deep Dwarf growth]
  4331 | D:6      | Reached XP level 9. HP: 56/78 MP: 0/13
  4698 | D:6      | HP: 2/78 [killer bee (2)]
  5268 | D:7      | Found Ybenwici's General Store.
  5325 | D:7      | Slain by a hornet

Skill      XL: |  1  2  3  4  5  6  7  8  9 |
---------------+----------------------------+-----
Invocations    | 1 2 3 4 6 |  6.3
Long Blades    | 3 4 5 7 |  7.5
Armour         | 4 5 6 |  6.4
Shields        | 4 5 6 |  6.4
Fighting       | 4 5 6 |  6.0

Action                   |  1- 3 |  4- 6 |  7- 9 || total
-------------------------+-------+-------+-------++-------
Melee: Long sword        |   141 |   203 |   426 ||   770
Invok: Lesser Healing    |     1 |     7 |    14 ||    22
       Heal Other        |       |       |     1 ||     1
       Greater Healing   |       |       |     2 ||     2
  Use: Scroll            |       |       |     7 ||     7
  Eat: Chunk             |     2 |     4 |     8 ||    14
       Ration            |       |       |     2 ||     2
Armor: Scale mail        |    45 |    30 |       ||    75
       Chain mail        |       |    63 |    53 ||   116
       Plate armour      |       |       |   164 ||   164
Dodge: Dodged            |    42 |    68 |    71 ||   181
Block: Shield            |    85 |   154 |   307 ||   546
